 Seeded DCSS version 0.30.1-4-g462c640d31 (webtiles) character file.

Game seed: 5 (custom seed)

131 Kazon the Sneak (level 5, 0/34 (35) HPs)
             Began as an Octopode Brigand on Aug 31, 2023.
             Slain by a black bear (4 damage)
             ... on level 4 of the Dungeon.
             The game lasted 00:07:31 (2009 turns).

Kazon the Sneak (Octopode Brigand)                  Turns: 2009, Time: 00:07:31

HP:   0/34 (35)     AC:  1    Str: 12    XL:     5   Next: 14%
MP:   14/14         EV: 12    Int: 14    God:
Gold: 163           SH:  7    Dex: 13    Spells: 4/4 levels left

rFire   . . .        e - +2 dagger (vamp)
rCold   . . .        c - +3 warlock's mirror {omnireflect}
rNeg    . . .        (helmet restricted)
rPois   .            (no amulet)
rElec   .            p - ring of magical power
rCorr   .            (no ring)
SInv    .            (no ring)
Will    .....        (no ring)
Stlth   ++++         (no ring)
HPRegen 0.25/turn    (no ring)
MPRegen 0.14/turn    (no ring)
                     (no ring)

%: reflection
@: lightly drained
A: almost no armour, amphibious, 8 rings, camouflage 1, gelatinous body 1,
(nimble swimmer 1), tentacles
a: no special abilities


You were on level 4 of the Dungeon.
You visited 1 branch of the dungeon, and saw 4 of its levels.

You collected 163 gold pieces.

Inventory:

Hand Weapons
 a - a +2 dagger
 e - a +2 vampiric dagger (weapon)
Missiles
 b - 14 poisoned darts
 d - 3 curare-tipped darts
 g - 3 boomerangs
 o - 7 stones (quivered)
Armour
 c - the +3 warlock's mirror (worn) {omnireflect}
   (You acquired it on level 1 of the Dungeon)

   Omnireflect: It can block and reflect piercing ranged attacks and magical
   attacks against the wielder's willpower.
Jewellery
 p - a ring of magical power (left tentacle)
Scrolls
 f - a scroll of fog {unknown}
 j - a scroll of blinking {unknown}
 k - a scroll of teleportation {unknown}
 l - 2 scrolls of magic mapping {unknown}
 m - a scroll of identify {unknown}
 n - a scroll of summoning {unknown}
Potions
 h - 2 potions of curing
 i - a potion of resistance {unknown}
 q - a potion of flight {unknown}
 r - a potion of berserk rage {unknown}
 s - a potion of invisibility {unknown}
 t - 2 potions of heal wounds {unknown}


   Skills:
 * Level 2.5 Fighting
 * Level 2.5 Short Blades
 * Level 2.7 Throwing
 * Level 1.5 Dodging
 + Level 6.9 Stealth
 * Level 1.0 Shields


You had 4 spell levels left.
You didn't know any spells.
Your spell library contained the following spells:

 Spells                   Type           Power      Damage    Failure   Level
 Frozen Ramparts          Ice            0%         1d1       77%         3
 Ice Form                 Ice/Tmut       0%         N/A       99%         4
 Summon Ice Beast         Ice/Summ       0%         N/A       99%         4


Dungeon Overview and Level Annotations

Branches:
Dungeon (4/15)             Temple (0/1) D:4

Altars:
Fedhas
Qazlal


Innate Abilities, Weirdness & Mutations

You cannot wear most types of armour.
You are amphibious.
You can wear up to eight rings at the same time.
Your skin changes colour to match your surroundings (Stealth+).
Your rubbery body absorbs attacks. (AC +1, EV +1)
((You are camouflaged when in or above water. (Stealth+)))
You have tentacles for arms and can constrict up to eight enemies at once.


Message History

You kill the orc!
You hit the orc but do no damage. Your grab misses the orc.
You block the orc's attack.
You hit the orc.
You feel better.
Your grab misses the orc. Your squeeze misses the orc.
The orc is severely wounded.
A black bear comes into view.
The orc hits you with a +1 dagger of draining.
You feel drained.
You hit the orc.
You feel better.
You kill the orc!
You closely miss the black bear. Your grab misses the black bear.
You block the black bear's attack. The black bear claws you.
You block the black bear's attack.
You hit the black bear but do no damage.
You grab the black bear. You squeeze the black bear.
The black bear is lightly wounded.
You constrict the black bear. The black bear bites you.
The black bear claws you. The black bear closely misses you.
You hit the black bear.
You feel better.
The black bear is lightly wounded.
You constrict the black bear. The black bear barely misses you.
The black bear claws you. x2
You hit the black bear but do no damage.
The black bear is moderately wounded.
You constrict the black bear. You hit the black bear.
The black bear is moderately wounded.
You constrict the black bear. You block the black bear's attack.
The black bear misses you. The black bear closely misses you.
You hit the black bear.
You feel better.
The black bear is heavily wounded.
You constrict the black bear. The black bear bites you.
The black bear claws you. The black bear closely misses you.
You hit the black bear.
The black bear is severely wounded.
You constrict the black bear. The black bear bites you!
* * * LOW HITPOINT WARNING * * *
You block the black bear's attack. The black bear claws you.
You die...

..>.......... #
.........##.####.#?
###..##...##........
#.................
#..##.#...)##.#.#.
#.................
#.###.#.##.##.#.#
#.# #.#.##.# #@#
#.#.##.# ###+####h#
###.##.# # #
......).##
#.##.##.##..
o.o.....#
####........
........# #.##.#.#.
........# #........
###+##... #.##.#...
#... #.##..... #./#
##.##.#...


You could see a black bear.

Vanquished Creatures
  4 adders
  3 worms
  6 orcs
  4 bats
  9 endoplasms
  A giant cockroach (D:1)
  11 goblins
  6 hobgoblins
  11 jackals
  3 kobolds
  5 ball pythons
  3 frilled lizards
  4 rats
70 creatures vanquished.

Notes
Turn   | Place    | Note
-------+----------+-------------------------------------------
     0 | D:1      | Kazon the Octopode Brigand began the quest for the Orb.
     0 | D:1      | Reached XP level 1. HP: 14/14 MP: 1/1
    42 | D:1      | Identified a scroll of acquirement
    42 | D:1      | Acquired the +3 warlock's mirror {omnireflect}
    42 | D:1      | Found the +3 warlock's mirror {omnireflect}
    62 | D:1      | Reached XP level 2. HP: 19/19 MP: 2/2
   148 | D:1      | Reached skill level 6 in Stealth
   315 | D:1      | Reached XP level 3. HP: 24/24 MP: 3/3
  1043 | D:2      | Reached XP level 4. HP: 18/30 MP: 4/4
  1550 | D:3      | Found a blossoming altar of Fedhas.
  1575 | D:3      | Reached XP level 5. HP: 35/35 MP: 5/5
  1684 | D:3      | Found a stormy altar of Qazlal.
  1748 | D:3      | Identified the +2 sling "Qeuhanocyt" {speed, rElec Str-3
                  | Dex+2}
  1765 | D:3      | Found a faded altar of an unknown god.
  1868 | D:3      | Reached skill level 1 in Shields
  1944 | D:4      | Found a staircase to the Ecumenical Temple.
  2001 | D:4      | Noticed a black bear
  2009 | D:4      | Slain by a black bear

Illustrated notes

Levels and vault maps discovered:
D:1:      ebering_trefoil_3fold, layout_basic, st_stairs_14, serial_bayou_ford_a
D:2:      layout_basic, hangedman_decor_growths, minmay_close_crescents
D:3:      layout_rooms, mainiacjoe_overflow_concentric_impassable,
          mainiacjoe_overflow_paths, shapermc_ecumenical_altar_acropolis,
          chequers_serial_rivers_micro_b
D:4:      layout_basic, riverfiend_overflow_shadow_ancestor,
          minmay_temple_entry_glass, uniq_sigmund

Skill      XL: |  1  2  3  4  5 |
---------------+----------------+-----
Stealth        | 6 |  6.9
Shields        | 1 |  1.0
Fighting       | |  2.5
Short Blades   | |  2.5
Throwing       | |  2.7
Dodging        | |  1.5

Action                     |  1- 3 |  4- 6 || total
---------------------------+-------+-------++-------
  Melee: Dagger            |    66 |    75 ||   141
         Tentacles         |    11 |    15 ||    26
         Constrict         |    14 |    13 ||    27
         Punch             |     2 |     1 ||     3
  Throw: Dart              |     9 |       ||     9
         Stone             |     3 |     6 ||     9
    Use: Scroll            |     2 |       ||     2
         Potion            |     1 |     1 ||     2
   Stab: Sleeping          |    16 |     8 ||    24
 Armour: Skin              |     2 |     6 ||     8
  Dodge: Dodged            |    19 |    25 ||    44
  Block: Buckler           |     7 |    19 ||    26
         Reflection        |     1 |       ||     1
